Map: Thunderbird LE

Players

Tfro

  • Race: Protoss Protoss
  • League: Platinum
  • Spawn Location: 11:00

pHARM - Winner!

  • Race: Zerg Zerg
  • League: Platinum
  • Spawn Location: 5:00

VOD

Have the link to the VOD?

Description

Time

  • Played on: Aug. 4, 2019, 8:33 a.m.
  • Length: 20:30
Show
View Real Time Build Order
Export as new Build Order

Tfro Protoss 

Build Orders: Carriers 

Get SALT Encoding   

  12  0:01  Probe  
  13  0:15  Pylon  
  13  0:19  Probe  
  14  0:36  Gateway  
  14  0:39  Probe  
  15  0:51  Probe  
  16  0:58  Gateway  
  16  1:03  Probe  
  17  1:07  Assimilator  
  17  1:15  Probe  
  18  1:25  Cybernetics Core  
  18  1:27  Probe  
  18  1:28  Pylon  
  19  1:38  Assimilator  
  19  1:39  Probe  
  20  1:41  Zealot  
  20  1:45  Zealot  
  24  1:55  Probe  
  24  1:58  Adept  
  25  2:03  Adept  
  25  2:07  Probe  
  30  2:16  Pylon  
  30  2:18  Warp Gate  
  30  2:34  Adept x2  
  34  2:54  Pylon  
  34  3:03  Stalker  
  34  3:04  Stalker  
  38  3:26  Nexus  
  34  3:56  Stalker  
  34  3:57  Stalker  
  36  4:26  Stalker  
  36  4:27  Stalker  
  38  4:36  Probe  
  38  4:44  Probe  
  38  4:45  Probe  
  39  4:54  Probe  
  39  4:56  Stalker x2  
  39  4:57  Probe  
  41  5:06  Probe  
  40  5:09  Probe  
  41  5:16  Robotics Facility, Probe  
  41  5:18  Probe  
  43  5:24  Probe  
  43  5:27  Probe  
  43  5:31  Assimilator  
  43  5:32  Assimilator  
  43  5:33  Probe  
  43  5:35  Probe  
  45  5:37  Stargate  
  45  5:40  Pylon  
  47  5:43  Pylon  
  47  5:45  Probe  
  47  5:46  Stalker  
  47  5:47  Stalker, Probe  
  53  5:54  Pylon  
  53  5:57  Probe, Pylon  
  53  5:59  Probe  
  55  6:05  Immortal  
  59  6:15  Probe x2  
  61  6:20  Stalker  
  61  6:24  Stalker  
  65  6:27  Probe x2  
  65  6:31  Void Ray  
  71  6:39  Probe x2  
  73  6:44  Observer  
  74  6:56  Stalker  
  74  6:57  Stalker  
  78  7:05  Immortal  
  82  7:12  Nexus  
  82  7:14  Void Ray  
  82  7:15  Pylon  
  86  7:17  Pylon  
  86  7:21  Stalker  
  88  7:22  Stalker  
  88  7:29  Pylon  
  90  7:34  Pylon  
  90  7:38  Pylon  
  90  7:51  Immortal  
  94  7:57  Void Ray  
  98  8:05  Probe  
  98  8:06  Probe  
  100  8:18  Probe x2  
  100  8:19  Forge  
  102  8:21  Forge  
  102  8:23  Probe, Forge  
  102  8:26  Probe  
  103  8:28  Probe  
  103  8:32  Probe  
  104  8:34  Probe  
  104  8:36  Probe  
  104  8:39  Observer  
  104  8:40  Void Ray  
  104  8:41  Probe  
  112  8:43  Stalker  
  112  8:44  Probe x2  
  112  8:46  Stalker  
  119  8:53  Probe  
  120  8:56  Photon Cannon  
  120  8:59  Photon Cannon  
  120  9:00  Observer  
  121  9:04  Assimilator  
  121  9:07  Stalker  
  121  9:08  Assimilator  
  123  9:21  Immortal  
  123  9:23  Void Ray  
  131  9:36  Probe  
  131  9:38  Probe  
  133  9:48  Probe  
  133  9:50  Probe  
  135  9:57  Photon Cannon  
  135  9:58  Photon Cannon  
  135  10:00  Probe  
  135  10:01  Immortal, Photon Cannon  
  135  10:02  Probe  
  135  10:03  Photon Cannon  
  135  10:04  Shield Battery  
  141  10:07  Shield Battery, Pylon  
  141  10:10  Shield Battery, Pylon  
  141  10:13  Pylon  
  141  10:16  Stalker  
  141  10:17  Stalker  
  113  10:40  Immortal  
  113  10:42  Void Ray  
  91  10:53  Stalker x2  
  95  11:03  Stargate  
  95  11:06  Robotics Bay  
  95  11:16  Nexus  
  95  11:19  Pylon x2  
  95  11:24  Void Ray  
  99  11:28  Immortal  
  99  11:31  Protoss Ground Weapons Level 1  
  99  11:32  Protoss Ground Armor Level 1  
  103  11:34  Protoss Shields Level 1  
  103  11:47  Void Ray  
  103  11:51  Protoss Air Weapons Level 1  
  103  11:52  Fleet Beacon  
  107  11:55  Extended Thermal Lance  
  107  12:00  Stalker x2  
  111  12:07  Immortal, Void Ray, Twilight Council  
  119  12:42  Assimilator  
  119  12:43  Assimilator  
  119  12:46  Colossus  
  119  12:48  Photon Cannon  
  119  12:50  Photon Cannon, Probe  
  119  12:51  Probe x3  
  129  12:53  Photon Cannon  
  129  12:55  Photon Cannon  
  129  12:56  Nexus  
  129  12:57  Shield Battery  
  129  12:59  Shield Battery  
  129  13:00  Pylon  
  129  13:02  Shield Battery, Pylon  
  129  13:03  Probe x4  
  133  13:12  Carrier  
  139  13:13  Carrier  
  139  13:15  Probe x3  
  148  13:24  Protoss Ground Weapons Level 2  
  148  13:25  Protoss Ground Armor Level 2  
  148  13:26  Protoss Shields Level 2  
  148  13:28  Stargate  
  148  13:30  Gateway  
  148  13:32  Gateway  
  148  13:39  Colossus  
  154  13:48  Protoss Air Weapons Level 2  
  154  13:53  Charge  
  153  14:25  Stalker  
  153  14:26  Stalker  
  111  15:01  Carrier  
  111  15:02  Carrier  
  111  15:06  Carrier  
  111  15:09  Colossus  
  135  15:21  Stargate  
  135  15:41  Nexus  
  135  15:43  Pylon  
  135  15:53  Zealot x2, Protoss Ground Weapons Level 3  
  135  15:54  Zealot x2  
  143  15:57  Protoss Ground Armor Level 3  
  143  15:58  Protoss Shields Level 3  
  143  15:59  Colossus  
  149  16:05  Carrier  
  149  16:06  Carrier  
  149  16:10  Carrier  
  167  16:12  Protoss Air Weapons Level 3  
  167  16:19  Void Ray  
  171  16:27  Zealot x2  
  171  16:28  Zealot x2  
  179  16:34  Photon Cannon  
  179  16:36  Photon Cannon  
  179  16:38  Photon Cannon  
  179  16:40  Photon Cannon  
  179  16:42  Photon Cannon  
  179  16:44  Photon Cannon  
  179  16:45  Shield Battery  
  179  16:48  Shield Battery  
  179  16:50  Shield Battery  
  179  16:51  Pylon  
  179  17:03  Carrier  
  179  17:06  Assimilator  
  185  17:09  Assimilator  
  140  18:10  Stalker x4  
  154  18:13  Carrier x4  
  154  18:19  Colossus  
  150  18:50  Stalker x4  
  114  19:24  Immortal  
  114  19:26  Stalker x2  
  114  19:27  Stalker x2  
  124  19:37  Tempest x2  
  124  19:38  Tempest x2  
Show
View Real Time Build Order
Export as new Build Order

pHARM Zerg - Winner!

Build Orders: Hatch First 

Get SALT Encoding   

  12  0:01  Drone  
  13  0:11  Drone  
  14  0:16  Overlord  
  14  0:24  Extractor  
  14  0:25  Drone  
  15  0:35  Drone  
  15  0:36  Drone  
  17  0:54  Hatchery  
  16  1:06  Drone x3  
  19  1:20  Spawning Pool  
  19  1:23  Drone  
  19  1:28  Drone  
  20  1:40  Overlord  
  20  1:49  Extractor  
  20  1:51  Drone  
  20  2:02  Drone  
  21  2:18  Drone x3  
  21  2:19  Queen x2  
  28  2:40  Drone x4  
  32  2:44  Overlord  
  32  2:58  Spine Crawler  
  31  3:04  Evolution Chamber  
  30  3:06  Roach Warren  
  30  3:09  Drone x4  
  33  3:17  Evolution Chamber  
  32  3:24  Zergling x6  
  33  3:47  Zergling x10  
  36  3:49  Queen  
  36  3:51  Queen  
  36  3:53  Zergling x2  
  36  3:54  Zergling x2  
  36  4:03  Zergling x2  
  29  4:21  Roach x4  
  35  4:25  Queen  
  35  4:26  Queen  
  39  4:33  Roach x2  
  41  4:39  Roach  
  42  4:50  Roach  
  42  4:51  Roach  
  42  5:04  Drone x2  
  44  5:11  Lair  
  44  5:21  Overlord x2  
  44  5:28  Zerg Missile Weapons Level 1  
  44  5:42  Drone  
  45  5:43  Drone x8  
  45  5:49  Overlord  
  53  6:02  Hatchery  
  52  6:06  Extractor  
  52  6:07  Extractor  
  50  6:14  Drone x5  
  50  6:15  Drone x2  
  57  6:22  Glial Reconstitution  
  57  6:39  Extractor  
  56  6:41  Drone x9  
  65  7:15  Roach x4  
  73  7:16  Overlord x3  
  73  7:33  Spore Crawler  
  73  7:35  Hydralisk Den  
  73  7:36  Spore Crawler  
  70  7:38  Spore Crawler  
  70  7:39  Drone x3  
  72  7:48  Roach x8  
  72  7:50  Overlord  
  88  7:51  Zerg Missile Weapons Level 2  
  88  7:52  Zerg Ground Armor Level 1  
  88  8:10  Roach  
  88  8:11  Roach x8  
  106  8:22  Overlord x2  
  106  8:44  Drone x4  
  106  8:45  Drone x8  
  106  8:46  Drone x2  
  120  8:50  Extractor x2  
  118  9:02  Hatchery  
  113  9:07  Hydralisk x4  
  113  9:09  Overlord x2  
  121  9:30  Overlord  
  121  9:31  Overlord  
  121  9:32  Hydralisk x4  
  121  9:35  Grooved Spines  
  129  9:43  Infestation Pit  
  128  9:57  Drone x2  
  128  9:58  Drone x3  
  133  10:07  Drone x3  
  133  10:08  Drone x5  
  133  10:09  Drone x3  
  133  10:11  Hydralisk  
  146  10:20  Lair  
  140  10:32  Roach  
  140  10:33  Roach x8  
  118  10:47  Muscular Augments  
  118  11:02  Hive  
  118  11:06  Extractor  
  118  11:07  Extractor  
  116  11:16  Drone x3  
  116  11:17  Zerg Ground Armor Level 2  
  116  11:18  Hatchery  
  118  11:23  Roach x11  
  118  11:24  Overlord x5, Roach x2  
  144  11:54  Spore Crawler  
  143  11:59  Drone  
  144  12:21  Zerg Missile Weapons Level 3  
  144  12:22  Spire  
  143  12:23  Roach x8  
  143  12:24  Roach x6  
  171  12:39  Hydralisk  
  171  12:40  Hydralisk x4  
  181  12:54  Drone x3  
  184  13:07  Spore Crawler  
  184  13:08  Spine Crawler  
  184  13:10  Hydralisk  
  184  13:11  Hydralisk x3  
  184  13:12  Overlord x2, Spine Crawler  
  189  13:13  Overlord  
  189  13:27  Drone, Spine Crawler  
  189  13:34  Hydralisk x5  
  189  13:38  Greater Spire  
  171  14:35  Corruptor x3  
  171  14:36  Corruptor x6  
  137  14:48  Roach x10  
  137  14:49  Roach x14  
  151  15:10  Brood Lord x9  
  171  15:14  Roach x10  
  189  15:27  Drone x4  
  193  15:46  Extractor x2  
  191  16:01  Hatchery  
  191  16:02  Hydralisk  
  191  16:03  Hydralisk x4  
  200  16:32  Zerg Flyer Armor Level 1  
  200  17:12  Zerg Ground Armor Level 3  
  200  17:22  Corruptor x7  
  190  17:23  Corruptor x2  
  190  17:24  Corruptor  
  152  17:38  Corruptor x11  
  152  17:39  Corruptor x10  
  154  18:03  Corruptor, Swarm Host  
  154  18:04  Corruptor x4  
  161  18:12  Roach x9  
  169  18:26  Zerg Flyer Weapons Level 1  
  163  18:46  Roach  
  163  18:47  Roach x17  
  169  19:13  Roach  
  169  19:14  Roach x12  
  195  19:26  Brood Lord x2  
Tags
 
Composition
Carriers
Matchup
PvZ
Replay Pack
10.7.19
Spawn Locations
Cross Positions
Add a new tag
Caveats
  • Supply blocks, unpowered buildings, or Contaminate may cause inaccurate times.
  • Supply counts are checked every 10 seconds.